General information
- name: BNet
- type: Ladder 1vs1/FFA
- host: Battle.net
- saver: ZombieCaylee
map: EchoIsles
- players: 2
- length: 26:34
- speed: Fast
- version: 1.26 W3XP
- replay type: Public
» download(60 KB)
Players
team 1 (loser)

»
goldcoast (
pink | 5 APM | 116 actions | 25:29)
1 Demon Hunter
1 Immolation
» actions
| Basic commands | 4 | |
| Build / train | 12 | |
| Enter build submenu | 7 | |
| Enter hero's abilities submenu | 1 | |
| Right click | 27 | |
| Select / deselect | 48 | |
| Use ability | 17 | |
116 total
» units
» upgrades
| Strength of the Moon | 1 | |
| Moon Armor | 1 | |
| Strength of the Wild | 1 | |
| Ultravision | 1 | |
4 total
» buildings
| Altar of Elders | 1 | |
| Moon Well | 1 | |
| Ancient of War | 1 | |
| Hunter's Hall | 1 | |
4 total
» build order
00:07 Altar of Elders
00:19 Moon Well
01:18 Ancient of War
02:02 Hunter's Hall
team 2 (winner)
ZombieCaylee (
yellow | 46 APM | 1234 actions | 26:34)
4 Archmage
2 Blizzard
2 Brilliance Aura
4 Blood Mage
2 Flame Strike
2 Siphon Mana
» actions
| Assign group hotkey | 22 | |
| Basic commands | 80 | |
| Build / train | 57 | |
| ESC pressed | 3 | |
| Enter build submenu | 34 | |
| Enter hero's abilities submenu | 8 | |
| Give item / drop item | 10 | |
| Right click | 494 | |
| Select / deselect | 252 | |
| Select group hotkey | 168 | |
| Use ability | 106 | |
1234 total
» units
| Peasant | 19 | |
| Ogre Mauler | 1 | |
| Forest Troll Berserker | 1 | |
| Forest Troll Shadow Priest | 2 | |
| Gryphon Rider | 2 | |
25 total
» upgrades
| Storm Hammers | 1 | |
| Lumber Harvesting | 1 | |
| Masonry | 1 | |
| Swords | 1 | |
| Armor | 1 | |
5 total
» buildings
| Lumber Mill | 1 | |
| Scout Tower | 18 | |
| Guard Tower | 5 | |
| Farm | 6 | |
| Town Hall | 1 | |
| Altar of Kings | 1 | |
| Keep | 1 | |
| Arcane Vault | 2 | |
| Blacksmith | 1 | |
| Castle | 1 | |
| Gryphon Aviary | 3 | |
| Barracks | 1 | |
| Workshop | 1 | |
| Cannon Tower | 1 | |
43 total
» build order
00:08 Lumber Mill
00:52 Scout Tower
01:00 Scout Tower
01:10 Guard Tower
01:12 Scout Tower
01:14 Scout Tower
01:33 Guard Tower
01:37 Scout Tower
01:55 Guard Tower
02:06 Guard Tower
02:14 Farm
02:52 Scout Tower
03:22 Guard Tower
03:28 Town Hall
04:02 Altar of Kings
04:21 Farm
04:24 Farm
04:43 Farm
05:32 Keep
05:34 Arcane Vault
05:38 Arcane Vault
07:05 Blacksmith
09:48 Farm
09:48 Farm
11:10 Castle
14:18 Gryphon Aviary
14:19 Gryphon Aviary
14:21 Gryphon Aviary
17:22 Scout Tower
17:23 Scout Tower
17:24 Scout Tower
17:25 Scout Tower
17:26 Scout Tower
17:28 Scout Tower
17:37 Scout Tower
17:38 Scout Tower
17:39 Scout Tower
19:52 Scout Tower
19:53 Scout Tower
19:54 Scout Tower
20:37 Barracks
20:41 Workshop
24:13 Cannon Tower
» items
| Scroll of Regeneration | 1 | |
| Scroll of Healing | 2 | |
| Boots of Speed | 1 | |
| Periapt of Vitality | 3 | |
| Pendant of Energy | 1 | |
| Scroll of Town Portal | 1 | |
9 total
Chat log
(02:59 / All) ZombieCaylee: LOL
(03:05 / All) ZombieCaylee: R A P E D
(03:11 / All) goldcoast: i dont like this neihborhood
(03:13 / All) ZombieCaylee: leave dude
(03:14 / All) ZombieCaylee: you suck
(03:18 / All) goldcoast: think i will move
(03:18 / All) ZombieCaylee: make some more excuses and leave
(03:32 / All) ZombieCaylee: i like this neighborhood just fine
(03:44 / All) ZombieCaylee: lol youre gonna try to drag it out?
(03:51 / All) ZombieCaylee: revenge?
(04:11 / All) ZombieCaylee: someone's mad
(04:32 / All) ZombieCaylee: lol
(05:03 / All) ZombieCaylee: thanks for the gold mine nigger
(05:13 / All) ZombieCaylee: now go play hide the farm to get revenge
(05:18 / All) goldcoast: thats racist
(05:27 / All) ZombieCaylee: cry about it nigger
(05:41 / All) goldcoast: i will report you
(05:45 / All) ZombieCaylee: LOOLOLOLOL
(05:57 / All) goldcoast: to the police
(06:10 / All) ZombieCaylee: tell them i said hi
(06:27 / All) goldcoast: you probably like the yankees
(06:36 / All) ZombieCaylee: baseball is for fat people.
(06:38 / All) ZombieCaylee: are you fat?
(06:41 / All) ZombieCaylee: deny it plz
(06:45 / All) goldcoast: 7-0 for the jays
(07:17 / All) goldcoast: how much do you weigh?
(07:27 / All) ZombieCaylee: 220 with 4% bmi
(07:33 / All) ZombieCaylee: you sound fat.
(07:37 / All) ZombieCaylee: i bet you wont admit it
(07:40 / All) goldcoast: haha
(07:55 / All) goldcoast: 6' 185lbs
(07:58 / All) ZombieCaylee: i knew it
(08:15 / All) ZombieCaylee: so insecure you gotta make up shit in a video game
(08:24 / All) goldcoast: haha
(08:27 / All) ZombieCaylee: maybe you weighed 185 30 years ago
(08:34 / All) ZombieCaylee: lol
(08:45 / All) goldcoast: naw im 24
(09:01 / All) ZombieCaylee: send photo of self holding current newspaper and legible ID to admin@highper.ch
(09:07 / All) goldcoast: could be in better shape
(09:09 / All) goldcoast: haha why?
(09:12 / All) ZombieCaylee: now go on and tell me you dont care what i think
(09:18 / All) ZombieCaylee: do it
(09:19 / All) goldcoast: but i would still smash you in a tilly
(09:25 / All) ZombieCaylee: R A G E Q U I T I N C O M I N G
(09:51 / All) goldcoast: you want to masturbate to my pic?
(09:55 / All) goldcoast: are you gay?
(09:58 / All) ZombieCaylee: i want to see how fat you actually are
(10:06 / All) goldcoast: haha
(10:14 / All) goldcoast: you are 220 you fat cunt
(10:24 / All) ZombieCaylee: do you even know what bmi is
(10:25 / All) ZombieCaylee: lol
(10:33 / All) ZombieCaylee: didnt think so
(10:34 / All) goldcoast: body mass index you fuckwitt
(10:40 / All) ZombieCaylee: ooh look he's mad now
(10:40 / All) goldcoast: are you high?
(10:54 / All) ZombieCaylee: why do you deny it
(11:09 / All) goldcoast: trying to out smart me ur obviously a dumb fat cunt
(11:17 / All) ZombieCaylee: is that why i raped you?
(11:19 / All) ZombieCaylee: lol
(11:23 / All) goldcoast: u got me this time
(11:27 / All) ZombieCaylee: youre only staying because youre mad
(11:34 / All) ZombieCaylee: and trying to drag it out to "punish" me
(11:39 / All) ZombieCaylee: but youre going to leave
(11:46 / All) goldcoast: no i wanna talk make a new friend
(11:49 / All) goldcoast: you leave
(11:53 / All) ZombieCaylee: i bet you dont have any
(11:53 / All) goldcoast: i got you
(12:02 / All) goldcoast: heaps
(12:10 / All) ZombieCaylee: sure
(12:13 / All) goldcoast: u like the yankees
(12:21 / All) goldcoast: 7-0 in the first inning
(12:25 / All) ZombieCaylee: baseball is for fat people
(12:32 / All) goldcoast: go suck off jeter and get herpes on ur fave
(12:34 / All) goldcoast: face
(12:38 / All) goldcoast: i know you are 220!
(12:43 / All) ZombieCaylee: yep i am
(12:45 / All) goldcoast: that is fat u fat cunt
(13:00 / All) goldcoast: quit
(13:04 / All) ZombieCaylee: you really think 4% is fat? lol
(13:16 / All) goldcoast: ur not 220 4%
(13:23 / All) ZombieCaylee: youre just desperate for something to say back
(13:26 / All) goldcoast: know one like that plays warcraft
(13:37 / All) ZombieCaylee: N E W S F L A S H
(13:42 / All) ZombieCaylee: You're playing warcraft too
(13:48 / All) ZombieCaylee: Leave.
(13:50 / All) ZombieCaylee: Leave.
(13:51 / All) goldcoast: i fight people like you on the way to fights
(13:51 / All) ZombieCaylee: Leave.
(13:52 / All) ZombieCaylee: Leave.
(13:53 / All) ZombieCaylee: Leave.
(14:00 / All) goldcoast: you leave
(14:05 / All) ZombieCaylee: lol
(14:09 / All) goldcoast: head, body, head
(14:13 / All) goldcoast: then you are dead
(14:24 / All) goldcoast: fast as lightning
(15:05 / All) goldcoast: y dont you finish this you american cunt. how are your towers?
(15:19 / All) ZombieCaylee: lol
(15:39 / All) goldcoast: kill that last building
(15:51 / All) ZombieCaylee: no i want to see you leave and laugh knowing how pissed you are
(16:23 / All) goldcoast: im not pissed
(16:26 / All) ZombieCaylee: always
(16:27 / All) ZombieCaylee: always
(16:29 / All) ZombieCaylee: the denial
(16:30 / All) goldcoast: i just wont quit
(16:55 / All) goldcoast: i will beat you at upgrading
(18:41 / All) goldcoast: cheeky cunt
(19:37 / All) goldcoast: zombies are for gayboys
(21:13 / All) goldcoast: i like you
(21:17 / All) goldcoast: you party?
(24:39 / All) ZombieCaylee: there now you can end it easily
(24:43 / All) ZombieCaylee: and its the same as leaving
(24:48 / All) ZombieCaylee: just unpause it lol
(25:26 / All) ZombieCaylee: but you will leave
(26:23 / All) ZombieCaylee: LOL RAPED